 Dungeon Crawl Stone Soup version 0.17-a0-1149-ga0dc056 (webtiles) character file.

55 AnnoyedKobold the Sneak (level 3, 18/18 HPs)
             Began as a Spriggan Assassin on May 27, 2015.
             Quit the game on level 2 of the Dungeon.
             The game lasted 00:06:03 (2017 turns).

AnnoyedKobold the Sneak (Spriggan Assassin)         Turns: 2017, Time: 00:06:03

Health: 18/18      AC:  3    Str: 12    XL:     3   Next: 67%
Magic:  3/3        EV: 17    Int: 12    God:
Gold:   108        SH:  0    Dex: 18    Spells: 0 memorised, 2 levels left

rFire  . . .     SeeInvis +     a - +2 dagger
rCold  . . .     Clarity  .     c - +0 robe
rNeg   . . .     SustAt   +     (shield restricted)
rPois  .         Gourm    .     (helmet restricted)
rElec  .         Spirit   .     d - +0 cloak
rCorr  .         Warding  .     (gloves unavailable)
rMut   .         Stasis   .     (boots unavailable)
MR     .....                    (no amulet)
Stlth  ++++......               h - ring of sustain attributes
                                j - +5 ring of strength

@: very quick, not resistant to hostile enchantments, stealthy
A: unfitting armour, see invisible, herbivore 3, speed 3, low mp 1, slow
metabolism 2, subdued magic 1
a: no special abilities


You were on level 2 of the Dungeon.
You were not hungry.

You visited 1 branch of the dungeon, and saw 2 of its levels.

You collected 108 gold pieces.

Inventory:

Hand weapons
 a - a +2 dagger (weapon)
 b - a +0 blowgun
Missiles
 e - 8 poisoned needles
 f - 2 curare-tipped needles
Armour
 c - a +0 robe (worn)
 d - a +0 cloak (worn)
Jewellery
 h - a ring of sustain attributes (right hand)
 j - a +5 ring of strength (left hand)
 l - an uncursed ring of see invisible
Scrolls
 k - a scroll of amnesia {unknown}
 n - a scroll of enchant armour {unknown}
 o - a scroll of immolation {unknown}
 s - a scroll of teleportation {unknown}
 t - a scroll of magic mapping {unknown}
 u - 2 scrolls of identify
Potions
 i - 2 potions of heal wounds
 m - 2 potions of agility
 r - a potion of flight
Books
 p - a book of Beasts

   Spells                             Type                      Level
   a - Summon Butterflies             Summoning                    1
   b - Call Canine Familiar           Summoning                    3
   c - Summon Ice Beast               Ice/Summoning                4
   d - Summon Mana Viper              Hexes/Summoning              5
   e - Summon Hydra                   Summoning                    7
Comestibles
 g - a bread ration
 q - 2 fruits


   Skills:
 - Level 1.7 Fighting
 + Level 1.6 Short Blades
 - Level 2.4 Throwing
 - Level 1.5 Dodging
 + Level 7.3 Stealth


You had 2 spell levels left.
You didn't know any spells.

Dungeon Overview and Level Annotations

Branches:
Dungeon (2/15)

Altars:


Innate Abilities, Weirdness & Mutations

You are tiny and cannot use many weapons and most armour.
You have supernaturally acute eyesight.
You are a herbivore.
You cover ground extremely quickly.
You need consume almost no food.
Your magical capacity is low (-10% MP).
Your spells are a little easier to cast, but a little less powerful.


Message History

You now have 97 gold pieces (gained 7).
t - a scroll labeled BIDDUS LEOWUIL
u - a scroll of identify A rat comes into view.
A rat is nearby!
The helpless rat fails to defend itself.
You perforate the rat like a sieve!!!
You kill the rat!
You see here a rat corpse.
There is a stone staircase leading down here.
You now have 108 gold pieces (gained 11).
u - 2 scrolls of identify (gained 1)
i - 2 potions of heal wounds (gained 1)
There is a stone staircase leading down here.
Done exploring.
Done exploring.
Done exploring.
Done exploring.
Done exploring.
Are you sure you want to abandon this character and quit the game? (Confirm with "yes".)

#.†..# #.##.##..#
#.#..####........#
#.#..........###.#######
.#...###########.......#
###.## #.....###.# .#.##
########.#...###.#
..#####.....##.#.....#.#
............##.##..#.#.#
..#####.....##(.@..#.#.#
#.#####.....#####......#
..##<.......# ##...###
#.##.##.##### #>###
#.##.##.# #.# #.......#
#.# ##<.....# #.#
#.......##########.#
#..#.##..........#.#


There were no monsters in sight!

Vanquished Creatures
  An adder (D:2)
  2 oozes
  2 giant geckos (D:1)
  3 bats
  A giant cockroach (D:2)
  A goblin (D:2)
  3 hobgoblins
  4 jackals (D:2)
  3 kobolds
  2 quokkas (D:2)
  3 giant newts
  8 rats
33 creatures vanquished.

Notes
Turn   | Place    | Note
--------------------------------------------------------------
     0 | D:1      | AnnoyedKobold the Spriggan Assassin began the quest for the Orb.
     0 | D:1      | Reached XP level 1. HP: 10/10 MP: 2/2
    27 | D:1      | Reached skill level 6 in Stealth
   377 | D:1      | Reached XP level 2. HP: 14/14 MP: 3/3
  1224 | D:2      | Reached skill level 7 in Stealth
  1239 | D:2      | Reached XP level 3. HP: 18/18 MP: 4/4
  1262 | D:2      | Reached skill level 1 in Short Blades
  1738 | D:2      | Gained mutation: Your magical capacity is low (-10% MP). [potion of mutation]
  1738 | D:2      | Gained mutation: Your spells are a little easier to cast, but a little less powerful. [potion of mutation]
  2017 | D:2      | Quit the game

Vault maps used:
D:1:      minmay_arrival_stone_box

Action                   || total
-------------------------++-------
Melee: Dagger            ||    87
  Use: Potion            ||     4
       Scroll            ||     3
 Stab: Sleeping          ||    13
